 Dungeon Crawl Stone Soup version 0.29-a0-541-gaf1fc19f1b (console) character file.

Game seed: 16621785397940956029

319 om the Insei (level 6, 0/38 HPs)
             Began as an Octopode Transmuter on June 2, 2022.
             Slain by an ogre
             ... wielding a +0 giant club
              (24 damage)
             ... on level 5 of the Dungeon.
             The game lasted 00:09:04 (4992 turns).

om the Insei (Octopode Transmuter)                  Turns: 4992, Time: 00:09:04

Health: 0/38       AC:  5    Str: 11    XL:     6   Next: 45%
Magic:  11/11      EV: 13    Int: 16    God:
Gold:   184        SH:  0    Dex: 12    Spells: 9/12 levels left

rFire   + . .      SeeInvis .     - Unarmed
rCold   . . .      Faith    .   (no shield)
rNeg    . . .      Spirit   .   (helmet currently unavailable)
rPois   .          Reflect  .   k - amulet of magic regeneration
rElec   .          Harm     .   c - +4 ring of protection
rCorr   +          Rampage  .   m - ring of resist corrosion
Will    .....                   g - ring of protection from fire
Stlth   ++........              (no ring)
HPRegen 0.12/turn               (no ring)
MPRegen 0.52/turn               (no ring)
                                (no ring)
                                (no ring)

@: appendages
A: tentacle spike 3, almost no armour, amphibious, 8 rings, camouflage 1,
gelatinous body 1, (nimble swimmer 1), tentacles
a: End Transformation


You were on level 5 of the Dungeon.
One of your tentacles had grown a beastly spike.
You visited 1 branch of the dungeon, and saw 5 of its levels.

You collected 249 gold pieces.
You spent 65 gold pieces at shops.

Inventory:

Hand Weapons
 a - the +6 hunting sling of Balance {venom, Dex+4 SInv}
   (You found it on level 4 of the Dungeon)

   Any ammunition fired from it poisons the flesh of those it strikes.
   Dex:       It affects your dexterity (+4).
   SInv:      It lets you see invisible.
Missiles
 r - 88 stones
Jewellery
 c - a +4 ring of protection (left tentacle)
 g - a ring of protection from fire (on tentacle)
 k - an amulet of magic regeneration (around mantle)
 m - a ring of resist corrosion (right tentacle)
Scrolls
 f - 3 scrolls of enchant weapon
 i - a scroll of fear
 n - 2 scrolls of teleportation
 p - 2 scrolls of enchant armour
Potions
 b - a potion of attraction {unknown}
 e - 2 potions of curing
 h - 2 potions of might
 j - a potion of brilliance
 l - a potion of invisibility {unknown}
 o - a potion of flight {unknown}
 q - 2 potions of lignification
 P - 4 potions of haste


   Skills:
 - Level 1.0 Fighting
 - Level 2.0 Dodging
 * Level 4.8 Unarmed Combat
 + Level 3.7 Spellcasting
 + Level 4.0 Transmutations


You had 9 spell levels left.
You knew the following spells:

 Your Spells              Type           Power      Damage    Failure   Level
a - Beastly Appendage     Tmut           30%        N/A       3%          1
b - Wereblood             Tmut           15%        N/A       4%          2

Your spell library contained the following spells:

 Spells                   Type           Power      Damage    Failure   Level
 Sandblast                Erth           6%         2d5       17%         1
 Slow                     Hex            12%        N/A       17%         1
 Spider Form              Tmut/Pois      9%         N/A       22%         3
 Confusing Touch          Hex            3%         N/A       45%         3
 Dazzling Flash           Conj/Hex       6%         N/A       45%         3
 Vampiric Draining        Necr           3%         2d6       45%         3
 Ice Form                 Ice/Tmut       9%         N/A       58%         4
 Agony                    Necr           3%         N/A       99%         5
 Silence                  Hex/Air        1%         N/A       99%         5


Dungeon Overview and Level Annotations

Branches:
Dungeon (5/15)
 Temple: D:4-7

Altars:
Sif Muna
Trog

Shops:
D:1 [   D:4 ?!(


Innate Abilities, Weirdness & Mutations

One of your tentacles has grown a beastly spike.
You cannot wear most types of armour.
You are amphibious.
You can wear up to eight rings at the same time.
Your skin changes colour to match your surroundings (Stealth+).
Your rubbery body absorbs attacks. (AC +1, EV +1)
((You are camouflaged when in or above water. (Stealth+)))
You have tentacles for arms and can constrict up to eight enemies at once.


Message History

You tentacle-slap the iguana but do no damage.
Your squeeze misses the iguana.
The iguana is moderately wounded.
You constrict the iguana, but do no damage.
The iguana bites you.
You tentacle-slap the iguana but do no damage.
The iguana is lightly wounded.
You constrict the iguana. You tentacle-slap the iguana. You squeeze the iguana.
The iguana is severely wounded.
You constrict the iguana, but do no damage.
The iguana closely misses you.
You tentacle-slap the iguana.
You kill the iguana!
Your Transmutations skill increases to level 4!
You see here an iguana corpse.
An ogre comes into view. It is wielding a +0 giant club.
The ogre shouts!
Aiming: Paralyse
Press: ? - help, Shift-Dir - straight line, f - ogre
Aim: an ogre, wielding a +0 giant club (chance to affect: 49%)
The ogre resists with some effort.
Aiming: Paralyse
Press: ? - help, Shift-Dir - straight line, f/p - ogre
Aim: an ogre, wielding a +0 giant club (chance to affect: 49%)
The ogre resists with some effort.
Aiming: Paralyse
Press: ? - help, Shift-Dir - straight line, f/p - ogre
Aim: an ogre, wielding a +0 giant club (chance to affect: 49%)
The ogre resists with some effort.
The now-empty wand crumbles to dust.
Casting: Beastly Appendage (safe; 3% risk of failure)
Press: ? - help, Q - select action, (/) - cycle Dir - look around, f - activate You extend your transformation's duration.
The ogre hits you with a +0 giant club!
You tentacle-slap the ogre but do no damage.
Your tentacle spike misses the ogre.
You squeeze the ogre.
The ogre is lightly wounded.
The ogre hits you with a +0 giant club!!
Ouch! That really hurt!
You die...

.. #..#######. # ###.##
#. #)..# #.####)### #
#....).# .#
##..#...#########.##
#..............)...#
#..................#
#..........#†.@O...#
.......................
.......................
#................#####.
...........######
#........... ........#
#.####


You could see an ogre.

Vanquished Creatures
  Duvessa (D:4)
  Dowan (D:4)
  An iguana (D:5)
  7 adders
  An ufetubus (D:5)
  A dart slug (D:1)
  8 orcs
  7 endoplasms
  6 giant cockroaches
  5 goblins
  4 hobgoblins
  6 jackals
  4 quokkas
  2 ball pythons
  5 bats
  2 frilled lizards (D:1)
  3 kobolds
  A rat (D:2)
65 creatures vanquished.

Notes
Turn   | Place    | Note
-------+----------+-------------------------------------------
     0 | D:1      | om the Octopode Transmuter began the quest for the Orb.
     0 | D:1      | Reached XP level 1. HP: 13/13 MP: 3/3
   128 | D:1      | Found a faded altar of an unknown god.
   141 | D:1      | Reached XP level 2. HP: 5/18 MP: 3/5
   401 | D:1      | Found Xonuutosei's Armour Shop.
  1254 | D:1      | You fall into a shaft and drop 1 floor!
  1325 | D:1      | Reached XP level 3. HP: 21/23 MP: 4/6
  1700 | D:2      | Learned a level 2 spell: Wereblood
  2310 | D:3      | Reached XP level 4. HP: 20/28 MP: 5/8
  3407 | D:4      | Noticed Duvessa
  3424 | D:4      | HP: 2/42 [Duvessa/+0 long sword of flaming (1)]
  3429 | D:4      | Killed Duvessa
  3430 | D:4      | Reached XP level 5. HP: 5/33 MP: 8/10
  3749 | D:4      | Found Xarat's Distillery.
  3759 | D:4      | Bought a potion of heal wounds for 65 gold pieces
  3792 | D:4      | Found Seng's Weapon Shop.
  3976 | D:4      | Identified the +6 hunting sling of Balance {venom, Dex+4
                  | SInv}
  4226 | D:4      | Found Piefeuma's Magic Scroll Shop.
  4298 | D:4      | Reached XP level 6. HP: 38/38 MP: 11/11
  4619 | D:4      | Noticed Dowan
  4621 | D:4      | Found a shimmering blue altar of Sif Muna.
  4629 | D:4      | Killed Dowan
  4761 | D:4      | Got Sif Muna's Grimoire of Fetching Earth
  4766 | D:4      | Found a bloodstained altar of Trog.
  4803 | D:5      | Entered Level 5 of the Dungeon
  4992 | D:5      | Slain by an ogre

Illustrated notes

Levels and vault maps discovered:
D:1:      ncdulo_smallfort, layout_basic, ebering_ecumenical_altar_sacrificial,
          serial_shops, nicolae_shop_crystal, minmay_tetromino_o2
D:2:      layout_basic
D:3:      layout_basic, amethyst_killhole
D:4:      nicolae_cairo_tiling, layout_basic,
          nzn_overflow_gifts_of_might_and_magic, serial_shops, shop_fountains,
          shop, nicolae_shop_bloodbath_and_beyond
D:5:      layout_rooms, hangedman_decor_diamond_cutter

Skill      XL: |  1  2  3  4  5  6 |
---------------+-------------------+-----
Transmutations | 3 4 |  4.0
Spellcasting   | 3 |  3.7
Unarmed Combat | 4 |  4.8
Fighting       | |  1.0
Dodging        | |  2.0

Action                   |  1- 3 |  4- 6 || total
-------------------------+-------+-------++-------
Melee: Unarmed           |    71 |    67 ||   138
       Kick              |    19 |    28 ||    47
       Constrict         |    21 |    15 ||    36
       Tentacles         |    14 |    18 ||    32
       Punch             |     1 |     4 ||     5
 Cast: Beastly Appendage |    21 |    20 ||    41
       Wereblood         |     1 |     3 ||     4
Evoke: Wand              |       |     4 ||     4
  Use: Scroll            |     8 |     6 ||    14
       Potion            |       |     3 ||     3
 Stab: Sleeping          |     4 |     6 ||    10
       Paralysed         |       |     3 ||     3
Armor: Skin              |     7 |    18 ||    25
Dodge: Dodged            |    51 |    29 ||    80

Table legend: (Time is in decaauts)
 A = Elapsed time spent in this place.
 B = Non-inter-level travel time spent in this place.
 C = Inter-level travel time spent in this place.
 D = Time resting spent in this place.
 E = Time spent auto-exploring this place.
 F = Levels seen in this place.
 G = Mean time per level.
                   A        B        C        D        E       F      G
               +--------+--------+--------+--------+--------+-----+--------+
         Total |   4968 |   4714 |    254 |   1291 |   2809 |   5 |  993.6 |
       Dungeon |   4968 |   4714 |    254 |   1291 |   2809 |   5 |  993.6 |
               +--------+--------+--------+--------+--------+-----+--------+

Top non-repeatable levels by time:
     D:1: 1357 daAuts
     D:3: 1339 daAuts
     D:4: 1159 daAuts
     D:2: 925 daAuts
     D:5: 186 daAuts
